 Dungeon Crawl Stone Soup version 0.18.1-48-g4cf74bf (webtiles) character file.

3577 Inkary the Fighter (level 10, -1/91 HPs)
             Began as a Hill Orc Fighter on July 19, 2016.
             Slain by an orc warrior
             ... wielding a +0 trident
              (23 damage)
             ... on level 8 of the Dungeon.
             The game lasted 00:24:48 (6283 turns).

Inkary the Fighter (Hill Orc Fighter)               Turns: 6283, Time: 00:24:48

Health: -1/91      AC:  7    Str: 24 (25) XL:     10   Next: 10%
Magic:  11/11      EV: 10    Int:  8      God:
Gold:   84         SH:  3    Dex:  7 (9)  Spells: 0 memorised, 9 levels left

rFire  . . .     SeeInvis .     w - +7 captain's cutlass {speed, disarm}
rCold  x x .     Gourm    +     h - +1 ring mail "Haitwi Lina" {+Fly rC- rCorr Str+3} (curse)
rNeg   . . .     Faith    .     o - -2 buckler of Trog's Displeasure {+Fly rElec rC-}
rPois  +         Spirit   .     (no helmet)
rElec  +         Dismiss  .     (no cloak)
rCorr  +         Reflect  .     (no gloves)
SustAt .         Harm     .     (no boots)
MR     .....                    G - amulet of the gourmand
Stlth  ..........               C - ring of flight
                                k - ring of poison resistance

@: not resistant to hostile enchantments, extremely unstealthy
A: clumsy 1, high mp 1, screaming 1, MP-powered wands
a: Evoke Flight


You were on level 8 of the Dungeon.
You were completely stuffed.

You visited 2 branches of the dungeon, and saw 9 of its levels.
You also visited: Sewer.

You collected 472 gold pieces.
You spent 388 gold pieces at shops.

Inventory:

Hand Weapons
 w - the +7 captain's cutlass (weapon) {speed, disarm}
   (You found it on level 4 of the Dungeon)

   Attacks with this weapon are significantly faster.
 B - a +0 war axe of venom
Armour
 h - the cursed +1 ring mail "Haitwi Lina" (worn) {+Fly rC- rCorr Str+3}
   (You bought it in a shop on level 6 of the Dungeon)

   It affects your strength (+3).
   It makes you vulnerable to cold.
   It lets you fly.
   It protects you from acid and corrosion.
   It has a curse placed upon it.
 o - the -2 buckler of Trog's Displeasure (worn) {+Fly rElec rC-}
   (You bought it in a shop on level 6 of the Dungeon)

   It makes you vulnerable to cold.
   It insulates you from electricity.
   It lets you fly.
Jewellery
 k - a ring of poison resistance (left hand)
 u - an uncursed ring of resist corrosion
 C - a ring of flight (right hand)
 F - an uncursed amulet of magic regeneration
 G - an amulet of the gourmand (around neck)
Wands
 y - a wand of iceblast (6/15)
 D - a wand of paralysis (23/24)
Scrolls
 c - a scroll of fog
 i - 2 scrolls of enchant weapon {unknown}
 j - 5 scrolls of remove curse
 n - 3 scrolls of identify
 r - 3 scrolls of teleportation
 v - a scroll of amnesia
 x - 2 scrolls of noise
 A - 4 scrolls of fear
Potions
 e - 2 potions of flight {unknown}
 p - 3 potions of curing
 s - a potion of invisibility
 z - a potion of mutation
Books
 E - a book of Spatial Translocations

   Spells                             Type                      Level
   a - Apportation                    Translocation                1
   b - Blink                          Translocation                2
   c - Shroud of Golubria             Charms/Translocation         2
   d - Portal Projectile              Translocation                3
   e - Teleport Other                 Translocation                3
   f - Passage of Golubria            Translocation                4
Comestibles
 a - 8 chunks of flesh
 d - 2 beef jerkies
 f - 5 bread rations
 l - 2 meat rations
 m - 9 slices of pizza
 q - 6 fruits


   Skills:
 + Level 9.3 Fighting
 - Level 3.0 Short Blades
 - Level 8.6 Axes
 + Level 8.3 Armour
 + Level 8.5 Shields
 + Level 0.0 Evocations


You had 9 spell levels left.
You didn't know any spells.

Dungeon Overview and Level Annotations

Branches:
Dungeon (8/15)             Temple (1/1) D:4
   Lair: D:8-11

Altars:
Dithmenos
Elyvilon
Fedhas
Gozag
Nemelex Xobeh
Pakellas
Qazlal
Sif Muna
Vehumet
Xom
Yredelemnul
Zin

Shops:
D:6 [


Innate Abilities, Weirdness & Mutations

You are clumsy. (Dex -2)
You have an increased reservoir of magic (+10% MP).
You occasionally shout uncontrollably at your foes.
You expend magic power (3 MP) to strengthen your wands.


Message History

You kill the river rat!
You puncture the rat!
You kill the rat!
The rat bites you but does no damage.
You closely miss the rat. The rat bites you but does no damage.
You slash the rat!
You kill the rat!
You puncture the rat!
You kill the rat!
The orc warrior hits you from afar with a trident.
* * * LOW HITPOINT WARNING * * *
The orc warrior barely misses you.
Things that are here:
a rat corpse x2
You barely miss the orc warrior.
The orc warrior is severely wounded.
You slash the orc warrior!
The orc warrior is almost dead.
The orc warrior hits you with a trident!!
You die...

#.#..........####
#.#..........# ##
####...###.# . #...# #.# .#
#.. #...# #.#####<# ##.#.
##.## #>......# ......###
#.# #####.###
......P.###.########.###
.P..PP...##..†o@.......#####
?..PPPP.##..#######.........
..P.PPP.....#######...#####.
##...P.........†..†......
#..†....%.†....##.######
#..†P..######.†##.# #..P.P##
#).##.# ........# #..##.#
.........## #..# .#


You could see an orc warrior.

Vanquished Creatures
  A wyvern (D:7)
  A hog (D:7)
  A yak (D:7)
  A human (D:7)
  A hippogriff (D:7)
  A water moccasin (D:7)
  Duvessa (D:7)
  3 ice beasts
  3 sky beasts
  2 orc warriors
  3 ogres
  3 centaurs
  A crocodile (D:8)
  A big kobold (Sewer)
  Blork the orc (D:6)
  A giant frog (D:8)
  Dowan (D:7)
  A wyvern skeleton (D:6)
  4 howler monkeys
  A centaur zombie (D:6)
  3 crimson imps
  5 orc priests
  An iguana (D:6)
  5 orc wizards
  4 worker ants
  2 sheep (D:7)
  A hound zombie (D:7)
  6 gnolls
  9 adders
  4 river rats
  2 shadow imps (D:7)
  An ooze (D:5)
  An adder skeleton (D:4)
  A worm (D:2)
  3 giant geckos
  21 orcs
  2 ball pythons
  2 giant cockroaches (D:6)
  4 goblins
  3 hobgoblins (D:1)
  3 jackals
  A quokka (D:3)
  9 bats
  2 giant newts (D:3)
  2 jackal skeletons
  3 kobolds
  A quokka skeleton (D:7)
  20 rats
153 creatures vanquished.

Vanquished Creatures (others)
  A lightning spire (D:2)
  A bush (D:2)
  8 fungi (D:8)
  2 plants (D:8)
  4 toadstools (D:1)
16 creatures vanquished.

Grand Total: 169 creatures vanquished

Notes
Turn   | Place    | Note
--------------------------------------------------------------
     0 | D:1      | Inkary the Hill Orc Fighter began the quest for the Orb.
     0 | D:1      | Reached XP level 1. HP: 19/19 MP: 1/1
   596 | D:2      | Reached XP level 2. HP: 15/27 MP: 2/2
   882 | D:2      | Found an oddly glowing altar of Pakellas.
   884 | D:2      | Noticed a deep elf annihilator
  1238 | D:2      | Found a shadowy altar of Dithmenos.
  1369 | D:3      | Found a deep blue altar of Sif Muna.
  1504 | D:3      | Reached XP level 3. HP: 30/33 MP: 3/3
  1672 | D:3      | Reached skill level 4 in Fighting
  1682 | D:3      | Reached XP level 4. HP: 3/40 MP: 4/4
  2242 | D:4      | Noticed an ogre
  2244 | D:4      | Killed an ogre
  2244 | D:4      | Reached skill level 1 in Short Blades
  2244 | D:4      | Reached XP level 5. HP: 41/47 MP: 5/5
  2252 | D:4      | Reached skill level 5 in Fighting
  2330 | D:4      | Reached XP level 6. HP: 46/56 MP: 6/6
  2668 | D:4      | Found a staircase to the Ecumenical Temple.
  2678 | Temple   | Entered the Ecumenical Temple
  2820 | D:5      | Entered Level 5 of the Dungeon
  2843 | D:5      | Reached skill level 5 in Shields
  2992 | D:5      | Noticed an ice beast
  3003 | D:5      | Killed an ice beast
  3003 | D:5      | Reached XP level 7. HP: 49/61 MP: 7/7
  3076 | D:5      | Found an opulent altar of Gozag.
  3226 | D:5      | Reached skill level 5 in Armour
  3628 | D:6      | Found a glowing drain.
  3650 | Sewer    | Entered a sewer
  3725 | Sewer    | Reached skill level 6 in Fighting
  3744 | Sewer    | Found a white marble altar of Elyvilon.
  3815 | D:6      | Noticed Blork the orc
  3826 | D:6      | Killed Blork the orc
  3923 | D:6      | Reached XP level 8. HP: 71/71 MP: 8/8
  3950 | D:6      | Reached skill level 5 in Axes
  4025 | D:6      | Found Bapnadem's Antique Armour Emporium.
  4033 | D:6      | Bought a fine buckler for 199 gold pieces
  4043 | D:6      | Identified the -2 buckler of Trog's Displeasure {+Fly rElec rC-} (You bought it in a shop on level 6 of the Dungeon)
  4056 | D:6      | Gained mutation: You have an increased reservoir of magic (+10% MP). [mutagenic meat]
  4057 | D:6      | Gained mutation: You expend magic power (3 MP) to strengthen your wands. [mutagenic meat]
  4058 | D:6      | Gained mutation: You occasionally shout uncontrollably at your foes. [mutagenic meat]
  4059 | D:6      | Gained mutation: You are clumsy. (Dex -2) [mutagenic meat]
  4301 | D:6      | Reached skill level 7 in Fighting
  4336 | D:6      | Found a basalt altar of Yredelemnul.
  4868 | D:7      | Noticed a water elemental
  4881 | D:7      | Found a stormy altar of Qazlal.
  4884 | D:7      | Noticed an air elemental
  4898 | D:7      | Got a bloodstained mace
  4899 | D:7      | Identified the +9 mace "Wueb" {crush, rElec rF+++ MR+ Str-5} (You found it on level 7 of the Dungeon)
  4972 | D:7      | Reached XP level 9. HP: 56/79 MP: 9/9
  5318 | D:7      | Noticed Dowan
  5319 | D:7      | Noticed Duvessa
  5343 | D:7      | Killed Duvessa
  5343 | D:7      | Reached skill level 8 in Fighting
  5373 | D:7      | Killed Dowan
  5765 | D:6      | Bought a bloodstained ring mail for 189 gold pieces
  5775 | D:6      | Identified the cursed +1 ring mail "Haitwi Lina" {+Fly rC- rCorr Str+3} (You bought it in a shop on level 6 of the Dungeon)
  6044 | D:8      | Reached skill level 9 in Fighting
  6050 | D:8      | Reached XP level 10. HP: 60/91 MP: 11/11
  6283 | D:8      | Slain by an orc warrior

Skill      XL: |  1  2  3  4  5  6  7  8  9 |
---------------+----------------------------+-----
Axes           | 3 4 6 8 |  8.6
Fighting       | 4 5 6 7 9 |  9.3
Shields        | 4 5 7 8 |  8.5
Short Blades   | 1 2 3 |  3.0
Armour         | 4 5 6 8 |  8.3

Action                   |  1- 3 |  4- 6 |  7- 9 | 10-12 || total
-------------------------+-------+-------+-------+-------++-------
Melee: War axe           |    63 |    57 |       |       ||   120
       Cutlass           |       |    48 |   307 |    88 ||   443
  Use: Potion            |     3 |       |     6 |     1 ||    10
       Scroll            |       |       |    14 |       ||    14
  Eat: Chunk             |     2 |     4 |    25 |     1 ||    32
       Fruit             |       |     1 |       |       ||     1
Armor: Scale mail        |    26 |    52 |    73 |       ||   151
       Ring mail         |       |       |     5 |    28 ||    33
Dodge: Dodged            |    19 |    29 |    90 |    43 ||   181
Block: Shield            |    29 |    58 |    21 |       ||   108
       Buckler           |       |       |    19 |     7 ||    26
